Construct Weapon Support Center
Selects Advanced Infantry Battlegroup
Selects Artillery Observers
Construct Medical Station
Selects Convert to Ranger Squad
M3 Armored Personnel Carrier
Selects Designate Assault Position
Improved M9 Bazooka Rockets
M3 Armored Personnel Carrier
Selects M2A1 105mm Howitzer Emplacement
M3 Armored Personnel Carrier
M18 Hellcat Tank Destroyer
M18 Hellcat Tank Destroyer
Selects 155mm Rapid Artillery Barrage
M18 Hellcat Tank Destroyer
M18 Hellcat Tank Destroyer